NCAA
KENTUCKY WILDCATS @ MICHIGAN WOLVERINES
05/20/2023
 
TOP OF THE 1ST
Kentucky Wildcats batting - Pitching for Michigan Wolverines : LHP Aaron Vaughn
Pitching: LHP Aaron Vaughn
Batting: RHB Jerry Gentry 0-0: Foul Ball, location: 2F
0-1: Ground out 1-3 (Groundball, 13)
Batting: RHB Frank Maxwell 0-0: Ball
1-0: Called Strike
1-1: Ball
2-1: Fly out, F8 (Flyball, 8LD)
Batting: RHB Phil Kennedy 0-0: Ball
1-0: Swinging Strike
1-1: Ball
2-1: Ball
3-1: Base on Balls
Batting: LHB Karl Hill 0-0: Ball
1-0: Ball
Phil Kennedy is caught stealing 2nd base
Top of the 1st over - 0 run(s), 0 hit(s), 0 error(s), 0 left on base; Kentucky 0 - Michigan 0
BOTTOM OF THE 1ST
Michigan Wolverines batting - Pitching for Kentucky Wildcats : RHP Rafael Medina
Pitching: RHP Rafael Medina
Batting: RHB Paul Gordon 0-0: Ball
1-0: Ball
2-0: SINGLE (Flyball, 78S)
Batting: RHB Enrique Ferreira 0-0: Called Strike
0-1: Ball
1-1: Ball
2-1: Foul Ball, location: 2F
2-2: Ball
3-2: Fly out, F8 (Flyball, 8LM)
Batting: RHB Patrick Potts 0-0: Ball
Paul Gordon is caught stealing 2nd base
1-0: Fly out, F9 (Flyball, 9M)
Bottom of the 1st over - 0 run(s), 1 hit(s), 0 error(s), 0 left on base; Kentucky 0 - Michigan 0
TOP OF THE 2ND
Kentucky Wildcats batting - Pitching for Michigan Wolverines : LHP Aaron Vaughn
Batting: LHB Karl Hill 0-0: Swinging Strike
0-1: Ball
1-1: Foul Ball, location: 2F
1-2: Foul Ball, location: 2F
1-2: Ball
2-2: SINGLE (Line Drive, 34)
Batting: RHB Phil McJannett 0-0: Called Strike
0-1: Ball
1-1: Foul Ball, location: 2F
1-2: Strikes out swinging
Batting: RHB Brian Gamble 0-0: Called Strike
Karl Hill steals 2nd base
0-1: Ball
1-1: Foul Ball, location: 2F
1-2: Ball
2-2: Strikes out swinging
Batting: RHB Ricky White 0-0: SINGLE (Line Drive, 6M)
Karl Hill to third
Runner from 3rd tries for Home, SAFE, no throw or cutoff
Batting: LHB Carlos Romero 0-0: Ball
1-0: Ball
2-0: Ball
3-0: Called Strike
3-1: SINGLE (Line Drive, 6D)
Ricky White to second
Batting: RHB Tim James 0-0: Called Strike
0-1: Ball
1-1: Foul Ball, location: 2F
1-2: Foul Ball, location: 2F
1-2: Ball
2-2: Foul Ball, location: 2F
2-2: Ball
3-2: Base on Balls
Ricky White to third
Carlos Romero to second
Batting: RHB Jerry Gentry 0-0: Ground out U3 (Groundball, 3)
Top of the 2nd over - 1 run(s), 3 hit(s), 0 error(s), 3 left on base; Kentucky 1 - Michigan 0
BOTTOM OF THE 2ND
Michigan Wolverines batting - Pitching for Kentucky Wildcats : RHP Rafael Medina
Batting: LHB Sergio Luna 0-0: Ball
1-0: SINGLE (Groundball, 34D)
Batting: SHB Denver Harmon 0-0: Ball
Sergio Luna steals 2nd base
1-0: Called Strike
Sergio Luna is caught stealing 3rd base
1-1: Ball
2-1: Swinging Strike
2-2: Fly out, F9 (Flyball, 89S)
Batting: LHB Christian Peterson 0-0: Ball
1-0: Ball
2-0: Foul Ball, location: 2F
2-1: Ball
3-1: Base on Balls
Batting: RHB Mario Silva 0-0: Ball
Wild Pitch!
Christian Peterson to second
1-0: Called Strike
1-1: Ball
2-1: Ground out 6-3 (Groundball, 6)
Bottom of the 2nd over - 0 run(s), 1 hit(s), 0 error(s), 1 left on base; Kentucky 1 - Michigan 0
TOP OF THE 3RD
Kentucky Wildcats batting - Pitching for Michigan Wolverines : LHP Aaron Vaughn
Batting: RHB Frank Maxwell 0-0: Swinging Strike
0-1: Ball
1-1: Ball
2-1: Swinging Strike
2-2: SOLO HOME RUN (Flyball, 78XD), Distance : 363 ft
Batting: RHB Phil Kennedy 0-0: Ground out 4-3 (Groundball, 4)
Batting: LHB Karl Hill 0-0: Swinging Strike
0-1: Ball
1-1: Foul Ball, location: 2F
1-2: Ball
2-2: Strikes out swinging
Batting: RHB Phil McJannett 0-0: Ball
1-0: Foul Ball, location: 2F
1-1: SINGLE (Groundball, 4MD)
Batting: RHB Brian Gamble 0-0: Called Strike
0-1: Called Strike
0-2: Ball
1-2: Strikes out swinging
Top of the 3rd over - 1 run(s), 2 hit(s), 0 error(s), 1 left on base; Kentucky 2 - Michigan 0
BOTTOM OF THE 3RD
Michigan Wolverines batting - Pitching for Kentucky Wildcats : RHP Rafael Medina
Batting: RHB Scott Walker 0-0: Ball
1-0: Called Strike
1-1: Bunt missed!
1-2: Foul Ball, location: 2F
1-2: Ball
2-2: Ball
3-2: Fly out, F7 (Flyball, 78M)
Batting: SHB Juan Carlos Mesa 0-0: Ball
1-0: Ground out 4-3 (Groundball, 4)
Batting: RHB Paul Gordon 0-0: Ball
1-0: Ball
2-0: Called Strike
2-1: Bunt for hit - play at first, batter safe!
Batting: RHB Enrique Ferreira 0-0: Ball
Wild Pitch!
Paul Gordon to second
1-0: Fly out, F8 (Flyball, 8LM)
Bottom of the 3rd over - 0 run(s), 1 hit(s), 0 error(s), 1 left on base; Kentucky 2 - Michigan 0
TOP OF THE 4TH
Kentucky Wildcats batting - Pitching for Michigan Wolverines : LHP Aaron Vaughn
Batting: RHB Ricky White 0-0: Called Strike
0-1: DOUBLE (Line Drive, 5D)
Batting: LHB Carlos Romero 0-0: Ball
1-0: Ball
2-0: Foul Ball, location: 2F
2-1: Ground out 1-3 (Groundball, 13)
Ricky White to third
Batting: RHB Tim James 0-0: Ball
1-0: Called Strike
1-1: Called Strike
1-2: Fly out, F9 (Flyball, 89M)
Runner from 3rd tags up, SCORES, no throw
Batting: RHB Jerry Gentry 0-0: Foul Ball, location: 2F
0-1: Ball
1-1: Foul Ball, location: 2F
1-2: Ground out 6-3 (Groundball, 6M)
Top of the 4th over - 1 run(s), 1 hit(s), 0 error(s), 0 left on base; Kentucky 3 - Michigan 0
BOTTOM OF THE 4TH
Michigan Wolverines batting - Pitching for Kentucky Wildcats : RHP Rafael Medina
Batting: RHB Patrick Potts 0-0: Ball
1-0: Called Strike
1-1: Ball
2-1: Ball
3-1: Foul Ball, location: 2F
3-2: Strikes out looking
Batting: LHB Sergio Luna 0-0: SINGLE (Line Drive, 4MD)
Batting: SHB Denver Harmon 0-0: Called Strike
0-1: Foul Ball, location: 2F
0-2: Ball
Sergio Luna steals 2nd base
1-2: Ball
2-2: DOUBLE (Flyball, 78M)
Sergio Luna scores
Batting: LHB Christian Peterson 0-0: Ground out U3 (Groundball, 3)
Denver Harmon to third
Batting: RHB Mario Silva 0-0: Called Strike
0-1: Fly out, F8 (Flyball, 8LM)
Bottom of the 4th over - 1 run(s), 2 hit(s), 0 error(s), 1 left on base; Kentucky 3 - Michigan 1
TOP OF THE 5TH
Kentucky Wildcats batting - Pitching for Michigan Wolverines : LHP Aaron Vaughn
Batting: RHB Frank Maxwell 0-0: Ball
1-0: Ball
2-0: Foul Ball, location: 2F
2-1: Ball
3-1: Base on Balls
Pitching: RHP Ron Cuevas
Batting: RHB Phil Kennedy 0-0: Ball
1-0: Ball
2-0: Fly out, F7 (Flyball, 7M)
Batting: LHB Karl Hill 0-0: Ball
1-0: Foul Ball, location: 2F
1-1: Ball
2-1: Ball
3-1: Foul Ball, location: 2F
3-2: Foul Ball, location: 2F
3-2: Foul Ball, location: 2F
3-2: Foul Ball, location: 2F
3-2: Base on Balls
Frank Maxwell to second
Batting: RHB Phil McJannett 0-0: Ball
1-0: Called Strike
1-1: Ball
2-1: Fly out, F9 (Flyball, 9M)
Batting: RHB Brian Gamble 0-0: Ball
1-0: 3-RUN HOME RUN (Flyball, 7D), Distance : 365 ft
Batting: RHB Ricky White 0-0: Ball
1-0: Ground out 4-3 (Groundball, 4M)
Top of the 5th over - 3 run(s), 1 hit(s), 0 error(s), 0 left on base; Kentucky 6 - Michigan 1
BOTTOM OF THE 5TH
Michigan Wolverines batting - Pitching for Kentucky Wildcats : RHP Rafael Medina
Batting: RHB Scott Walker 0-0: Fly out, F4 (Popup, 3D)
Batting: SHB Juan Carlos Mesa 0-0: Fly out, F7 (Flyball, 7M)
Batting: RHB Paul Gordon 0-0: Called Strike
0-1: Fly out, F8 (Flyball, 8LM)
Bottom of the 5th over - 0 run(s), 0 hit(s), 0 error(s), 0 left on base; Kentucky 6 - Michigan 1
TOP OF THE 6TH
Kentucky Wildcats batting - Pitching for Michigan Wolverines : RHP Ron Cuevas
Batting: LHB Carlos Romero 0-0: SINGLE (Groundball, 4M)
Batting: RHB Tim James 0-0: Ball
1-0: Called Strike
1-1: Ball
2-1: Foul Ball, location: 2F
2-2: Strikes out swinging
Batting: RHB Jerry Gentry 0-0: Called Strike
0-1: SINGLE (Groundball, 6MD)
Carlos Romero to second
Batting: RHB Frank Maxwell 0-0: Ball
1-0: Swinging Strike
1-1: Called Strike
1-2: Strikes out looking
Batting: RHB Phil Kennedy 0-0: Foul Ball, location: 2F
0-1: Ball
1-1: Called Strike
1-2: SINGLE (Groundball, 56)
Carlos Romero to third
Jerry Gentry to second
Runner from 3rd tries for Home, SAFE, throw made home
Jerry Gentry to third
Phil Kennedy to second
Pitching: LHP Emery Hudson
Batting: LHB Karl Hill 0-0: Ball
1-0: Ball
2-0: SINGLE (Line Drive, 9LS)
Jerry Gentry scores
Phil Kennedy to third
Runner from 3rd tries for Home, SAFE, no throw or cutoff
Batting: RHB Phil McJannett 0-0: Foul Ball, location: 2F
0-1: Ball
Karl Hill steals 2nd base
1-1: Foul Ball, location: 2F
1-2: Strikes out swinging
Top of the 6th over - 3 run(s), 4 hit(s), 0 error(s), 1 left on base; Kentucky 9 - Michigan 1
BOTTOM OF THE 6TH
Michigan Wolverines batting - Pitching for Kentucky Wildcats : RHP Rafael Medina
Batting: RHB Enrique Ferreira 0-0: Ground out 1-3 (Groundball, 15S)
Batting: RHB Patrick Potts 0-0: Swinging Strike
0-1: Ball
1-1: Fly out, F4 (Popup, 4S)
Batting: LHB Sergio Luna 0-0: Ball
1-0: Fly out, F7 (Line Drive, 7S)
Bottom of the 6th over - 0 run(s), 0 hit(s), 0 error(s), 0 left on base; Kentucky 9 - Michigan 1
TOP OF THE 7TH
Kentucky Wildcats batting - Pitching for Michigan Wolverines : LHP Emery Hudson
Batting: RHB Brian Gamble 0-0: Ball
1-0: DOUBLE (Flyball, 78D)
Batting: RHB Ricky White 0-0: Swinging Strike
0-1: Ball
1-1: Called Strike
1-2: Foul Ball, location: 2F
1-2: Ball
2-2: Foul Ball, location: 2F
2-2: Ball
3-2: Fly out, F8 (Flyball, 8LM)
Batting: LHB Carlos Romero 0-0: Ground out 4-3 (Groundball, 34)
Brian Gamble to third
Batting: RHB Tim James 0-0: Ball
1-0: Ball
2-0: Swinging Strike
2-1: Ball
3-1: Ground out 5-3 (Groundball, 56S)
Top of the 7th over - 0 run(s), 1 hit(s), 0 error(s), 1 left on base; Kentucky 9 - Michigan 1
BOTTOM OF THE 7TH
Michigan Wolverines batting - Pitching for Kentucky Wildcats : RHP Rafael Medina
Batting: SHB Denver Harmon 0-0: Ground out 5-3 (Groundball, 5S)
Batting: LHB Christian Peterson 0-0: Fly out, F9 (Flyball, 9LM)
Batting: RHB Mario Silva 0-0: Foul Ball, location: 2F
0-1: Ground out 5-3 (Groundball, 5)
Bottom of the 7th over - 0 run(s), 0 hit(s), 0 error(s), 0 left on base; Kentucky 9 - Michigan 1
TOP OF THE 8TH
Kentucky Wildcats batting - Pitching for Michigan Wolverines : LHP Emery Hudson
Batting: RHB Jerry Gentry 0-0: Called Strike
0-1: Foul Ball, location: 2F
0-2: Strikes out looking
Batting: RHB Frank Maxwell 0-0: Ground out 1-3 (Groundball, 13S)
Batting: RHB Phil Kennedy 0-0: Called Strike
0-1: Foul Ball, location: 2F
0-2: SINGLE (Groundball, 34D)
Batting: LHB Karl Hill 0-0: Called Strike
0-1: Ball
1-1: Foul Ball, location: 2F
1-2: Fly out, F8 (Flyball, 78M)
Top of the 8th over - 0 run(s), 1 hit(s), 0 error(s), 1 left on base; Kentucky 9 - Michigan 1
BOTTOM OF THE 8TH
Michigan Wolverines batting - Pitching for Kentucky Wildcats : RHP Rafael Medina
Batting: RHB Scott Walker 0-0: Called Strike
0-1: Ball
1-1: Swinging Strike
1-2: Foul Ball, location: 2F
1-2: Strikes out swinging
Pinch Hitting: RHB Vincente León 0-0: Ball
1-0: Swinging Strike
1-1: Foul Ball, location: 2F
1-2: Ball
2-2: Foul Ball, location: 2F
2-2: Fly out, F5 (Line Drive, 56S)
Batting: RHB Paul Gordon 0-0: SINGLE (Flyball, 89S)
Pitching: RHP Evan Miller
Batting: RHB Enrique Ferreira 0-0: Ball
1-0: Swinging Strike
1-1: Foul Ball, location: 2F
1-2: Foul Ball, location: 2F
1-2: Foul Ball, location: 2F
1-2: Ground out 4-3 (Groundball, 4)
Bottom of the 8th over - 0 run(s), 1 hit(s), 0 error(s), 1 left on base; Kentucky 9 - Michigan 1
TOP OF THE 9TH
Kentucky Wildcats batting - Pitching for Michigan Wolverines : LHP Emery Hudson
Pitching: LHP Geoff Corbett
Now at SS: Norman Calver
Batting: RHB Phil McJannett 0-0: Called Strike
0-1: Swinging Strike
0-2: Ball
1-2: Strikes out swinging
Batting: RHB Brian Gamble 0-0: Swinging Strike
0-1: Called Strike
0-2: Ball
1-2: Strikes out swinging
Batting: RHB Ricky White 0-0: Called Strike
0-1: Ball
1-1: Ground out 1-3 (Groundball, 2R)
Top of the 9th over - 0 run(s), 0 hit(s), 0 error(s), 0 left on base; Kentucky 9 - Michigan 1
BOTTOM OF THE 9TH
Michigan Wolverines batting - Pitching for Kentucky Wildcats : RHP Evan Miller
Now at C: Eddie Higgins
Batting: RHB Patrick Potts 0-0: Ball
1-0: Ball
2-0: Called Strike
2-1: Swinging Strike
2-2: Strikes out swinging
Batting: LHB Sergio Luna 0-0: Ball
1-0: Reached on error, E6 (Groundball, 6M)
Batting: SHB Denver Harmon 0-0: Called Strike
0-1: Called Strike
0-2: Ball
1-2: Ball
2-2: Ball
3-2: Base on Balls
Sergio Luna to second
Batting: LHB Christian Peterson 0-0: Ball
1-0: SINGLE (Line Drive, 4M)
Sergio Luna to third
Denver Harmon to second
Runner from 3rd tries for Home, SAFE, no throw or cutoff
Batting: RHB Mario Silva 0-0: Ball
1-0: SINGLE (Line Drive, 56D)
Denver Harmon to third
Christian Peterson to second
Batting: RHB Scott Walker 0-0: Ball
1-0: Swinging Strike
1-1: Ball
2-1: Fly out, F6 (Line Drive, 6)
2-1: Fly out, F6 (Line Drive, 6)
Batting: RHB Norman Calver 0-0: Foul Ball, location: 2F
0-1: Foul Ball, location: 2F
0-2: Ball
1-2: Ball
2-2: Strikes out swinging
Bottom of the 9th over - 1 run(s), 2 hit(s), 1 error(s), 3 left on base; Kentucky 9 - Michigan 2
This league is powered by Out of the Park Baseball, the baseball management simulation game for PC, Mac and Linux
Wednesday, December 2nd, 2015 - OOTP Baseball 16.8 Build 38